 Dungeon Crawl Stone Soup version 0.28-a0-1199-gef9e1dbd39 (webtiles) character file.

Game seed: 17792380889850749544

32 Gargoyl the Skirmisher (level 3, -4/35 HPs)
             Began as a Gnoll Abyssal Knight on Dec 19, 2021.
             Was a Follower of Lugonu.
             Slain by Terence (6 damage)
             ... on level 2 of the Dungeon.
             The game lasted 00:01:36 (1466 turns).

Gargoyl the Skirmisher (Gnoll Abyssal Knight)       Turns: 1466, Time: 00:01:36

Health: -4/35      AC: 10    Str: 14    XL:     3   Next: 25%
Magic:  6/6        EV:  7    Int:  9    God:    Lugonu [*.....]
Gold:   10         SH:  0    Dex: 12    Spells: 3/3 levels left

rFire   . . .      SeeInvis .   a - +1 hand axe
rCold   . . .      Faith    .   (no shield)
rNeg    . . .      Spirit   .   c - +0 chain mail
rPois   .          Reflect  .   (no helmet)
rElec   .          Harm     .   d - +0 cloak
rCorr   .          Rampage  .   (no gloves)
Will    .....                   (no boots)
Stlth   ..........              (no amulet)
HPRegen 0.11/turn               (no ring)
MPRegen 0.10/turn               (no ring)

@: no status effects
A: fangs 1, strong nose, distributed training
a: Renounce Religion, Depart the Abyss


You were on level 2 of the Dungeon.
You worshipped Lugonu.
Lugonu was aware of your devotion.
You visited 1 branch of the dungeon, and saw 2 of its levels.
You visited the Abyss 1 time.

You collected 10 gold pieces.

Inventory:

Hand Weapons
 a - a +1 hand axe (weapon)
Armour
 c - a +0 chain mail (worn)
 d - a +0 cloak (worn)


   Skills:
 + Level 6.5 Fighting
 + Level 0.7 Short Blades
 + Level 0.7 Long Blades
 + Level 4.5 Axes
 + Level 0.7 Maces & Flails
 + Level 0.7 Polearms
 + Level 0.7 Staves
 + Level 0.7 Slings
 + Level 0.7 Bows
 + Level 0.7 Crossbows
 + Level 0.7 Throwing
 + Level 4.5 Armour
 + Level 2.6 Dodging
 + Level 0.7 Stealth
 + Level 0.7 Shields
 + Level 0.7 Unarmed Combat
 + Level 0.7 Spellcasting
 + Level 0.5 Conjurations
 + Level 0.5 Hexes
 + Level 0.5 Summonings
 + Level 0.5 Necromancy
 + Level 0.5 Translocations
 + Level 0.5 Transmutations
 + Level 0.5 Fire Magic
 + Level 0.5 Ice Magic
 + Level 0.5 Air Magic
 + Level 0.5 Earth Magic
 + Level 0.5 Poison Magic
 + Level 4.5 Invocations
 + Level 0.7 Evocations


You had 3 spell levels left.
You didn't know any spells.
Your spell library was empty.

Dungeon Overview and Level Annotations

Branches:
Dungeon (2/15)

Altars:
Ru

Annotations:
D:2 Terence


Innate Abilities, Weirdness & Mutations

You have very sharp teeth.
Your uncanny sense of smell can sniff out nearby items.
Your experience applies equally to all skills.


Message History

You see here a quokka corpse.
Unknown command.
Unknown command.
Terence is nearby!
Terence is nearby!
Terence is nearby!
Terence shouts!
You hear a shout!
Terence hits you with a +0 flail!
A hobgoblin comes into view.
Terence closely misses you.
You hit Terence but do no damage. Terence hits you with a +0 flail.
You hit Terence but do no damage. You hit the hobgoblin.
The hobgoblin hits you but does no damage.
Terence barely misses you.
Your chain mail prevents you from hitting Terence.
You barely miss the hobgoblin. The hobgoblin hits you.
Terence hits you with a +0 flail.
You hit Terence but do no damage. You hit the hobgoblin.
You kill the hobgoblin!
Lugonu accepts your kill. Terence hits you with a +0 flail.
* * * LOW HITPOINT WARNING * * *
You hit Terence.
Terence is lightly wounded.
Terence closely misses you.
Unknown command.
You aren't carrying any potions.
As you read the scroll labelled PYORUPSYZXU, it crumbles to dust.
It is a scroll of identify.
You don't have any unidentified items.
Terence hits you with a +0 flail.
* * * LOW HITPOINT WARNING * * *
Terence says, "Rest in peace."
Found a sacrificial altar of Ru.
Terence hits you with a +0 flail.
* * * LOW HITPOINT WARNING * * *
You hit Terence. You bite Terence, but do no damage.
Terence is lightly wounded.
Terence hits you with a +0 flail.
You die...

#.# #.#
#....... #.#
#.. #.......
#.# ###
#....... #.#
#....... #.#
# #.......
#.# .#
#....... #.#
##..##
######..
#.####.....#
#......
#...@@.....#
#####.†
#.###..._..#
#.. #.#
##.....# ###
#.# .....#
#.# ###..#
#### #.# .##
.... #.# .
... #. . ..
#####


You could see Terence.

Vanquished Creatures
  6 bats
  4 endoplasms
  3 giant cockroaches
  4 goblins (D:1)
  4 hobgoblins
  A quokka (D:2)
  A ball python (D:1)
  A frilled lizard (D:2)
  A kobold (D:1)
  4 rats (D:1)
29 creatures vanquished.

Notes
Turn   | Place    | Note
-------+----------+-------------------------------------------
     0 | Abyss:1  | Gargoyl the Gnoll Abyssal Knight began the quest for the
                  | Orb.
     0 | Abyss:1  | Reached XP level 1. HP: 23/23 MP: 3/3
    50 | Abyss:1  | Noticed a wretched star
    60 | D:1      | Escaped the Abyss
   460 | D:1      | Reached * piety under Lugonu
   461 | D:1      | Reached XP level 2. HP: 29/29 MP: 5/5
  1166 | D:1      | Reached XP level 3. HP: 35/35 MP: 6/6
  1283 | D:2      | Noticed Terence
  1461 | D:2      | Found a sacrificial altar of Ru.
  1466 | D:2      | Slain by Terence

Illustrated notes

Levels and vault maps discovered:
D:1:      dpeg_arrival_windows_large_door, layout_loops_ring,
          kennysheep_pointless_box, hex_tiny
D:2:      layout_basic, shapermc_ecumenical_altar_venn, basic_altar,
          serial_park_tiny_2, uniq_natasha, uniq_terence, uniq_sigmund

Action                   || total
-------------------------++-------
Melee: Hand axe          ||    94
       Bite              ||    11
Invok: Depart the Abyss  ||     1
  Use: Scroll            ||     2
Armor: Chain mail        ||    92
Dodge: Dodged            ||    45

Table legend: (Time is in decaauts)
 A = Elapsed time spent in this place.
 B = Non-inter-level travel time spent in this place.
 C = Inter-level travel time spent in this place.
 D = Time resting spent in this place.
 E = Time spent auto-exploring this place.
 F = Levels seen in this place.
 G = Mean time per level.
                   A        B        C        D        E       F      G
               +--------+--------+--------+--------+--------+-----+--------+
         Total |   1472 |   1430 |     42 |      0 |   1070 |   3 |  490.7 |
       Dungeon |   1412 |   1370 |     42 |      0 |   1034 |   2 |  706.0 |
         Abyss |     60 |     60 |      0 |      0 |     36 |   1 |   60.0 |
               +--------+--------+--------+--------+--------+-----+--------+

Top non-repeatable levels by time:
     D:1: 1227 daAuts
     D:2: 184 daAuts
 Abyss:1: 60 daAuts
